[Event "*** Titled Tuesday Blitz"]
[Site "Chess.com"]
[Date "2020.04.21"]
[Round "8"]
[White "Perecke"]
[Black "RichardWe"]
[Result "1-0"]
[WhiteElo "2153"]
[BlackElo "2376"]
[TimeControl "180+1"]
[EndTime "11:39:50 PDT"]
[Termination "Perecke won by resignation"]

1. e4 c6 2. Nf3 d5 3. Nc3 dxe4 4. Nxe4 Nd7 5. Qe2 e6 6. g3 Ngf6 7. Bg2 Nxe4 8. Qxe4 Nf6 9. Qe2 Be7 10. O-O O-O 11. d3 a5 12. Be3 a4 13. a3 Nd5 14.
c3 Nxe3 15. fxe3 Qb6 16. d4 c5 17. Ne5 f6 18. Nd3 Qc7 19. Rad1 Ra5 20. e4 b6 21. d5 exd5 22. exd5 Bd6 23. Nf4 Bxf4 24. Rxf4 Qd6 25. Re4 Ra7 26. Re8 Bd7 27. Rxf8+ Kxf8 28. Be4 g6 29.
Qf3 Kg7 30. Bc2 Ra8 31. Re1 Re8 32. Rxe8 Bxe8 33. Qe4 Bf7 34. c4 b5 35. Bd3 bxc4 36. Bxc4 f5 37. Qe3 Kf6 38. Qc3+ Qe5 39. Kf2 Qxc3 40.
bxc3 Ke5 41. Bb5 Kxd5 42. Ke3 Ke5 43. Bxa4 g5 44. Bc2 f4+ 45. gxf4+ gxf4+ 46. Kf2 h6 47. a4 Bc4 48. a5 Ba6 49. Kf3 Bb7+ 50. Kf2 Ba6 51. Bd1 Ke4 52. Bf3+ Ke5 53. Be2 Bb7 54. a6 Bc8 55. a7 Bb7 56. Bf3 1-0

[Event "*** Titled Tuesday Blitz"]
[Site "Chess.com"]
[Date "2020.04.21"]
[Round "8"]
[White "Lysiak_Poltorak"]
[Black "Arek_pacitan"]
[Result "1-0"]
[WhiteElo "2364"]
[BlackElo "2546"]
[TimeControl "180+1"]
[EndTime "11:39:51 PDT"]
[Termination "Lysiak_Poltorak won by checkmate"]

1. e4 c5 2. Nf3 Nc6 3. d4 cxd4 4. Nxd4 Nf6 5. Nc3 e6 6. Ndb5 d6 7. Bf4 e5 8. Bg5 a6 9. Na3 Be6 10. Bc4 b5 11. Bd5 Rc8 12. Bxc6+ Rxc6 13. Nd5 Be7 14. Nxe7 Qxe7 15. c3 h6 16. Bxf6 Qxf6 17. Nc2 Qg6 18. Qf3 Rc4 19. O-O Qxe4 20. Qd1 O-O 21. Ne3 Rc6 22. Re1 Qg6 23. Nd5 Bxd5 24. Qxd5 Rc5 25.
Qb7 a5 26. Rad1 Qe6 27. Qb6 Qxa2 28. Rxd6 Rd5 29. Rxd5 Qxd5 30. Qxa5 Rd8 31. h3 Kh7 32. Qb4 f5 33. Qe7 e4 34. Re3 Rd7 35. Qh4 Qd1+ 36.
Kh2 Qc1 37. Qf4 Rd5 38. Rxe4 Qxb2 39. Rd4 Rc5 40. Rd3 Qc2 41. Rg3 Qe4 42. Qxe4 fxe4 43. Re3 Kg6 44. Rxe4 Rxc3 45. Re6+ Kf5 46. Rb6 Rb3 47. g3 Rb2 48. Kg2 b4 49. Kf3 Rb3+ 50. Ke2 Rb2+ 51. Ke3 Rb1 52. Rb5+ Ke6 53. Ke4 b3 54.
Rb6+ Kf7 55. Kf5 b2 56. Rb7+ Kf8 57. f4 g5 58. Kf6 Ke8 59. f5 Kd8 60. Rb3 Kd7 61.
Kg6 g4 62. hxg4 Kd6 63. f6 Ke6 64. f7 Ke7 65. Re3+ Kf8 66. Re8# 1-0

[Event "*** Titled Tuesday Blitz"]
[Site "Chess.com"]
[Date "2020.04.21"]
[Round "8"]
[White "talman67"]
[Black "SanchezKelvin"]
[Result "0-1"]
[WhiteElo "2537"]
[BlackElo "2422"]
[TimeControl "180+1"]
[EndTime "11:39:51 PDT"]
[Termination "SanchezKelvin won on time"]

1. e4 c5 2. Nf3 d6 3. d4 cxd4 4. Nxd4 Nf6 5. Nc3 g6 6. Be3 Bg7 7. f3 O-O 8. Qd2 Nc6 9. O-O-O Nxd4 10. Bxd4 Be6 11. Kb1 Qc7 12. h4 Rfc8 13. g4 Qa5 14.
h5 Rxc3 15. Qxc3 Qxa2+ 16. Kc1 Rc8 17. Qe3 Bb3 18. Bd3 Qa4 19. Bc3 Be6 20. hxg6 fxg6 21. e5 Nd5 22. Qd4 Qc6 23. f4 Nxc3 24. bxc3 Bxg4 25.
Rdg1 Bf3 26. Rh2 dxe5 27. fxe5 Qxc3 28. Qxc3 Rxc3 29. Rg3 Bxe5 30. Rxf3 Bxh2 31. Kd2 Rc7 32. Be4 Bd6 33. c4 e6 34. Kd3 Re7 35. Rf6 b6 36. Rf1 Kg7 37. Ra1 Bc5 38. Rf1 Rf7 39. Rh1 Rd7+ 40.
Ke2 Rd4 41. Bd3 e5 42. Rc1 e4 43. Bb1 Kf6 44. Rc3 Ke5 45. Rh3 h5 46. Rg3 Kf6 47.
Rc3 g5 48. Rc1 g4 49. Rf1+ Kg5 50. Rf7 g3 51. Rg7+ Kh4 0-1

[Event "*** Titled Tuesday Blitz"]
[Site "Chess.com"]
[Date "2020.04.21"]
[Round "8"]
[White "Shaman91"]
[Black "Vice64"]
[Result "1-0"]
[WhiteElo "2830"]
[BlackElo "2527"]
[TimeControl "180+1"]
[EndTime "11:39:52 PDT"]
[Termination "Shaman91 won by resignation"]

1. e4 c5 2. Nc3 e6 3. Nf3 d5 4. d4 dxe4 5. Nxe4 cxd4 6. Qxd4 Qxd4 7. Nxd4 a6 8. Bf4 Nf6 9. Nd6+ Bxd6 10. Bxd6 Bd7 11.
f3 Nc6 12. Nb3 Nd5 13. Bc5 Nce7 14. O-O-O Bc6 15. Nd4 Bd7 16. Nb3 Bc6 17. Na5 b6 18. Nxc6 bxc5 19. Ne5 f6 20. Nc4 O-O 21. c3 Rfd8 22.
g3 e5 23. Bg2 Rab8 24. Rd2 Kf7 25. Rhd1 Ke8 26. f4 Nc7 27. fxe5 Rxd2 28. Rxd2 fxe5 29. Nxe5 Rd8 30. Rxd8+ Kxd8 31. Nd3 Ne6 32. Bh3 Ng5 33.
Bg2 Ne6 34. Ne5 Kc7 35. Bf1 a5 36. a4 Ng5 37. Kd2 Nc6 38. Nxc6 Kxc6 39. Ke3 Kd5 40.
h4 Ne6 41. Bh3 Nc7 42. Bf5 h6 43. Bd3 Ke5 44. Bc4 Ne8 45. Be2 Nd6 46. g4 g5 47.
hxg5 hxg5 48. b3 Ne4 49. Kd3 Nd6 50. Ke3 Ne4 51. b4 cxb4 52. cxb4 axb4 53. a5 Nc5 54. a6 Na4 55. a7 Nb6 56. Bf3 Nc4+ 57. Kd3 Nb6 58.
Kc2 Kf4 59. Bd1 Ke5 60. Kb3 Kd6 61.
Kxb4 Nd5+ 62. Ka5 Kc7 63. a8=Q Kd6 64. Qxd5+ Kxd5 65. Kb5 Ke5 66. Kc5 Ke4 67. Kd6 Ke3 68. Ke5 Kd2 69. Kf5 Kxd1 70. Kxg5 1-0

[Event "*** Titled Tuesday Blitz"]
[Site "Chess.com"]
[Date "2020.04.21"]
[Round "8"]
[White "Sanyura"]
[Black "GM_DarwinLaylo"]
[Result "1-0"]
[WhiteElo "2452"]
[BlackElo "2564"]
[TimeControl "180+1"]
[EndTime "11:39:52 PDT"]
[Termination "Sanyura won on time"]

1. e4 c5 2. Nf3 e6 3. d4 cxd4 4.
Nxd4 Qb6 5. Nb3 Nf6 6. Nc3 Bb4 7.
Bd2 Nc6 8. Bd3 O-O 9. a3 Be7 10. O-O d6 11. Kh1 a6 12. f4 e5 13. f5 Rd8 14. Nd5 Nxd5 15. exd5 Nd4 16. Ba5 Qa7 17. f6 Bxf6 18. Rxf6 b6 19. Nxd4 exd4 20. Qh5 g6 21. Qg5 bxa5 22. Rxg6+ hxg6 23. Qxd8+ Kg7 24. Qxd6 Qb8 25.
Qc5 Qe5 26. Rf1 Bb7 27. Qb6 Rh8 28. Rxf7+ Kxf7 29. Qxb7+ Kf8 30. Qc8+ Kg7 31. Qd7+ Kf6 32. Qc6+ Ke7 33. Qb7+ Kf8 34. Qc8+ Kg7 35. Qd7+ Kh6 36.
Qf7 Qe1+ 37. Bf1 Re8 38. h3 Qe7 39. Qf4+ Kh7 40. d6 Qg7 41. Qh4+ Qh6 42. Qxd4 Rf8 43.
Bd3 Qc1+ 44. Kh2 Qf4+ 45. Qxf4 Rxf4 46. d7 Rd4 47. Bxa6 Rxd7 48. b4 axb4 49. axb4 Rd2 50.
c4 1-0

[Event "*** Titled Tuesday Blitz"]
[Site "Chess.com"]
[Date "2020.04.21"]
[Round "8"]
[White "talaicito"]
[Black "Trankuilizer"]
[Result "0-1"]
[WhiteElo "2295"]
[BlackElo "2513"]
[TimeControl "180+1"]
[EndTime "11:39:57 PDT"]
[Termination "Trankuilizer won by checkmate"]

1. d4 d5 2. Nc3 e6 3. Bf4 Nf6 4. e3 a6 5. Nf3 c5 6. a3 Nc6 7. Ne5 Bd6 8. Nxc6 bxc6 9. dxc5 Bxc5 10. Bd3 O-O 11. O-O Bd6 12. Bxd6 Qxd6 13. Na4 c5 14. c4 Bd7 15. Nc3 Rab8 16. Qe2 d4 17. exd4 cxd4 18.
Nd1 a5 19. f4 Rb3 20. Rc1 Bc6 21. g3 Rfb8 22. Rc2 Rxd3 23. Qxd3 Be4 24. Qd2 Bxc2 25.
Qxc2 d3 26. Qd2 Qd4+ 27. Kg2 a4 28. Rf3 Qxc4 29. Qxd3 Qxd3 30. Rxd3 Nd5 31. f5 Kf8 32. fxe6 fxe6 33. Kf3 Ke7 34. Ke4 Kd6 35. Nc3 Rxb2 36. Nxd5 exd5+ 37. Rxd5+ Ke7 38. Re5+ Kf6 39. Ra5 Rxh2 40.
Rxa4 h5 41. Kf3 Ra2 42. Ra6+ Kg5 43. Ra5+ Kh6 44. Ra6+ g6 45. Kf4 Rf2+ 46. Ke3 Ra2 47. Kf3 Rb2 48. a4 Rb3+ 49. Kg2 Ra3 50. a5 Kg5 51.
Kh2 Kf5 52. Ra8 Kg4 53. Ra6 g5 54. Rb6 Ra2+ 55. Kh1 Kxg3 56. Rb3+ Kh4 57. Rb4+ g4 58. Rb5 Kg3 59. Rb3+ Kh4 60. Rb5 Kh3 61. Rxh5+ Kg3 62. Rb5 Ra1+ 63. Rb1 Rxb1# 0-1

[Event "*** Titled Tuesday Blitz"]
[Site "Chess.com"]
[Date "2020.04.21"]
[Round "8"]
[White "Egorov_Pavel"]
[Black "Colombiano07"]
[Result "0-1"]
[WhiteElo "2341"]
[BlackElo "2228"]
[TimeControl "180+1"]
[EndTime "11:39:57 PDT"]
[Termination "Colombiano07 won on time"]

1. d4 d5 2. c4 Bf5 3. cxd5 Bxb1 4. Rxb1 Qxd5 5. e3 Nc6 6. Ne2 e5 7. Nc3 Bb4 8. Bd2 Bxc3 9. Bxc3 O-O-O 10. Qa4 exd4 11.
Rd1 Nf6 12. Bxd4 Nxd4 13. Rxd4 Qc5 14. Qc4 Qa5+ 15. b4 Qa3 16. Be2 Rxd4 17. exd4 Ne4 18.
O-O Nd2 19. Qc1 Qxc1 20. Rxc1 Rd8 21. Rd1 Rxd4 22. f3 Rd6 23. Kf2 b5 24. Rc1 Nc4 25.
Bxc4 bxc4 26. Rxc4 Rd2+ 27. Kg3 Rxa2 28. Rf4 f6 29.
Rh4 h6 30. Rg4 g5 31. Re4 Kd7 32. h4 Rd2 33. h5 Rd5 34. Rc4 a5 35. bxa5 Rxa5 36.
Rb4 Ra8 37. Kg4 Ra5 38. Rd4+ Ke7 39. Rc4 f5+ 40. Kg3 Kd6 41. Rd4+ Rd5 42. Rc4 c5 43.
Ra4 Ke5 44. Ra6 Rd6 45. Ra5 Kd4 46. Kf2 Re6 47. Ra4+ c4 48. g4 fxg4 49. fxg4 Kd3 50.
Kf3 Rf6+ 51. Kg3 c3 52. Ra8 Rc6 53. Rd8+ Ke4 54. Re8+ Kd5 55. Re1 c2 56. Rc1 Ke4 57. Kf2 Kd3 58. Ke1 Re6+ 59. Kf2 Kd2 60. Ra1 c1=Q 61.
Ra2+ Qc2 62. Rxc2+ Kxc2 63. Kf3 Kd3 64. Kf2 Ke4 65.
Kg3 Ke3 0-1

[Event "*** Titled Tuesday Blitz"]
[Site "Chess.com"]
[Date "2020.04.21"]
[Round "8"]
[White "Dynamikus"]
[Black "jsdbv18"]
[Result "1-0"]
[WhiteElo "2744"]
[BlackElo "2571"]
[TimeControl "180+1"]
[EndTime "11:39:58 PDT"]
[Termination "Dynamikus won by resignation"]

1. e4 c5 2. Nf3 d6 3. d4 cxd4 4. Nxd4 Nf6 5. Nc3 a6 6. Be3 e5 7. Nb3 Be6 8. h3 h5 9. f4 exf4 10. Bxf4 Nc6 11. Qe2 Nd7 12. O-O-O Nce5 13. Kb1 Rc8 14.
Qe3 Be7 15. Rg1 Qb6 16. Nd4 Ng6 17. Bg3 h4 18. Bf2 Qa5 19. Nb3 Qc7 20. Nd4 Nde5 21.
Nf5 Bf8 22. Be2 b5 23. a3 Qc5 24. Rgf1 Qxe3 25. Bxe3 Rc6 26. Nd5 Bxd5 27. exd5 Rc8 28. a4 Nc4 29. Bxc4 Rxc4 30. axb5 axb5 31. Bd4 f6 32. b3 Rc8 33. Kb2 Ne5 34. Bxe5 dxe5 35.
d6 Kd7 36. Ra1 g6 37. Ra7+ Ke6 38. Ng7+ Kxd6 39. Rxf6+ Kd5 40. Rd7+ Ke4 41. Ne6 Bb4 42. Rd3 Rh5 43. Rff3 Bc5 44. c3 Bg1 45. b4 Rf5 46. Rd1 Bb6 47. Re1+ Kd5 48. Rxf5 gxf5 49. Ng5 e4 50. Rd1+ Ke5 51. Nf7+ Kf6 52. Rd6+ Kxf7 53. Rxb6 f4 54. Kc2 Rd8 55. Rxb5 e3 56. Rf5+ Ke6 57. Rxf4 Ke5 58. Rf7 Rd2+ 59. Kc1 Rxg2 60. Re7+ Kf4 61. b5 Rh2 62. b6 Rh1+ 63. Kc2 Rh2+ 64. Kc1 Rh1+ 65. Kc2 Rh2+ 66. Kd3 Rd2+ 67. Kc4 Rb2 68. Kc5 e2 69. c4 Kf3 70. Kc6 Rb4 71. c5 Kg3 72. b7 e1=Q 73. Rxe1 Kxh3 74. Kc7 Rb5 75.
b8=Q Rxb8 76. Kxb8 Kg2 77. c6 h3 78. c7 h2 79.
c8=Q Kf2 80. Qc2+ Kxe1 81. Qxh2 1-0

[Event "*** Titled Tuesday Blitz"]
[Site "Chess.com"]
[Date "2020.04.21"]
[Round "8"]
[White "lestri"]
[Black "Rainmond"]
[Result "1/2-1/2"]
[WhiteElo "2566"]
[BlackElo "2729"]
[TimeControl "180+1"]
[EndTime "11:39:58 PDT"]
[Termination "Game drawn - insufficient material"]

1. c4 e5 2. Nc3 Bb4 3. Qc2 Nf6 4.
Nf3 d6 5. d4 Nbd7 6. a3 Bxc3+ 7. Qxc3 Qe7 8. Bg5 e4 9. Nd2 h6 10. Bh4 O-O 11. e3 g5 12. Bg3 Nh5 13. Be2 Nxg3 14.
hxg3 Kg7 15. d5+ f6 16. f4 exf3 17. gxf3 c6 18. Kf2 Ne5 19. Rh2 cxd5 20. cxd5 Bf5 21. Rah1 Rac8 22. Qd4 Rh8 23. g4 Bd7 24. Bd3 b5 25. Bb1 a5 26. Qe4 Be8 27. Qd4 Bd7 28. Kg3 Nc4 29. Ne4 Qe5+ 30. Qxe5 dxe5 31. Bd3 Nxe3 32. d6 f5 33. gxf5 Nxf5+ 34. Kf2 Rhf8 35. Ke1 Rc1+ 36. Kd2 Rxh1 37. Rxh1 Rc8 38. Nc3 Nd4 39. Ke3 Rc6 40. Nxb5 Nxb5 41. Bxb5 Rxd6 42. Bxd7 Rxd7 43. b4 axb4 44. axb4 Rb7 45. Rb1 h5 46. b5 Kf6 47.
Ke4 h4 48. Kd5 Kf5 49. Kc6 Rb8 50. Kc7 Rh8 51. b6 Kf4 52. Kd6 h3 53. b7 Kxf3 54. Kxe5 h2 55. Kf5 g4 56. Rb3+ Kg2 57. Rb2+ Kh3 58.
b8=Q Rxb8 59. Rxb8 g3 60. Rh8+ Kg2 61. Kg4 h1=Q 62. Rxh1 Kxh1 63. Kxg3 1/2-1/2

[Event "*** Titled Tuesday Blitz"]
[Site "Chess.com"]
[Date "2020.04.21"]
[Round "8"]
[White "Violord"]
[Black "gvanna"]
[Result "1-0"]
[WhiteElo "2614"]
[BlackElo "2465"]
[TimeControl "180+1"]
[EndTime "11:39:58 PDT"]
[Termination "Violord won by resignation"]

1. e4 c5 2. Nf3 Nc6 3. Bb5 g6 4. Bxc6 dxc6 5. d3 Bg7 6. O-O Nf6 7. h3 Nd7 8. a4 e5 9. Na3 Nf8 10. Nc4 Qc7 11. b3 Ne6 12. Bb2 f6 13. a5 O-O 14.
Re1 Bd7 15. Qd2 Rad8 16. b4 Nd4 17. Nh2 Be6 18. Ne3 c4 19. Bxd4 Rxd4 20. Nf3 Rd7 21. Qc3 cxd3 22. cxd3 Rfd8 23. Red1 a6 24. Nc4 Bf8 25.
Nb6 Rf7 26. d4 exd4 27. Nxd4 Qe5 28. Qe3 Bh6 29. Qxh6 Rxd4 30. f3 f5 31. Qe3 Rxd1+ 32. Rxd1 fxe4 33. Qxe4 Qxe4 34. fxe4 Rf4 35. Rd4 Kf7 36. Na4 Ke7 37. Nc5 Bc8 38. Rd3 g5 39. g3 Rf8 40. Kg2 h6 41. g4 Rf4 42. Kg3 h5 43. gxh5 Rh4 44. Kg2 Rxh5 45. Rg3 Kf6 46. Rf3+ Ke7 47. e5 Rh4 48. Rg3 Rxb4 49. Rxg5 Rb5 50. e6 Rxa5 51. Rg7+ Kd6 52. e7 Bd7 53. Nxb7+ Kc7 54. Nxa5 Kb6 55. Nc4+ Kc5 56. Ne5 Be8 57. Rg8 Bh5 58. e8=Q Bxe8 59. Rxe8 a5 60. Nxc6 Kxc6 61. Ra8 Kb7 62. Rxa5 1-0

[Event "*** Titled Tuesday Blitz"]
[Site "Chess.com"]
[Date "2020.04.21"]
[Round "8"]
[White "adriangschnitzer"]
[Black "chidori_boruto"]
[Result "0-1"]
[WhiteElo "2432"]
[BlackElo "2627"]
[TimeControl "180+1"]
[EndTime "11:39:58 PDT"]
[Termination "chidori_boruto won on time"]

1. e4 c6 2. d4 d6 3. Nf3 Nf6 4.
Nc3 Bg4 5. Be2 Nbd7 6. h3 Bh5 7. Be3 e5 8. Qd2 Be7 9. O-O-O Bg6 10. Bd3 Qc7 11.
dxe5 dxe5 12. g4 O-O 13. g5 Nh5 14. Nh4 Nc5 15. Nf5 Rfd8 16. Qe2 Bf8 17. h4 b5 18. Ng3 Nf4 19. Bxf4 exf4 20. Nf5 b4 21. Nb1 Qe5 22. Rhe1 Re8 23. h5 Bxf5 24. exf5 Nxd3+ 25. Qxd3 Qxe1 26. Rxe1 Rxe1+ 27. Kd2 Rxb1 28. g6 hxg6 29. hxg6 Be7 30. Qb3 Rd8+ 31. Ke2 Rd5 32. Qh3 Bf6 33. Qh7+ Kf8 34.
Qh8+ Ke7 35. Qg8 fxg6 36. fxg6 Rxb2 37. Qf7+ Kd6 38. Kf3 Rxa2 39. Qf8+ Kd7 40. Qxb4 Rxc2 41. Qxf4 Rd3+ 42. Kg2 Rdd2 43. Qf5+ Kc7 44. Qa5+ Kb7 45. Qb4+ Kc8 46. Qf8+ Kc7 47. Qf7+ Kd6 48. Qf8+ Ke6 49. Qe8+ Kf5 50. Qc8+ Kxg6 51. Qe8+ Kf5 52. Qc8+ Ke5 53. Qe8+ Kd6 0-1

[Event "*** Titled Tuesday Blitz"]
[Site "Chess.com"]
[Date "2020.04.21"]
[Round "8"]
[White "chess4life23"]
[Black "HanSchut"]
[Result "1-0"]
[WhiteElo "2423"]
[BlackElo "2268"]
[TimeControl "180+1"]
[EndTime "11:39:58 PDT"]
[Termination "chess4life23 won on time"]

1. d4 Nf6 2. c4 g6 3. Nc3 d5 4. cxd5 Nxd5 5. e4 Nxc3 6. bxc3 Bg7 7. Be3 c5 8. Qd2 Qa5 9. Rc1 cxd4 10. cxd4 Qxd2+ 11. Kxd2 O-O 12. Bb5 Rd8 13. Ne2 Nc6 14. Bxc6 bxc6 15. Rhd1 Ba6 16. Ke1 Rac8 17. Nc3 e5 18. d5 h6 19. Bxa7 f5 20. Bb6 Rd7 21. dxc6 Rxd1+ 22. Nxd1 fxe4 23. Ne3 Bf8 24. Nd5 Kf7 25. Ba5 Bb5 26. c7 Bd6 27. Rb1 Bd7 28. Rb8 Be6 29. Rxc8 Bxc8 30. Nb6 Bxc7 31. Nxc8 Bxa5+ 32.
Ke2 Ke6 33. Na7 Kd5 34. Nb5 Bb4 35.
a3 Bc5 36. a4 Kc6 37. Nc3 Bd4 38. Nxe4 Kb6 39. Nd6 Ka5 40. Nf7 h5 41. h4 Kxa4 42. Nh8 e4 43. Nxg6 Bf6 44. g3 Kb4 45. Nf4 Kc4 46.
Ke3 Bd4+ 47. Kxe4 Bxf2 48. Nxh5 Kc5 49. Kf4 Kd6 50. Kf5 Ke7 51. Kg6 Kf8 52. Kf5 Kg8 53. Kf4 Kh7 54. Nf6+ Kg6 55. Ne4 Be1 56. Kg4 Kh6 57.
Kh3 Kg7 58. Ng5 Kg6 59. Nf3 Bf2 60. g4 Be1 61. h5+ Kh6 62. Nh4 Kg5 63. Nf3+ Kf4 64. Nd4 Bc3 65. Ne6+ 1-0

[Event "*** Titled Tuesday Blitz"]
[Site "Chess.com"]
[Date "2020.04.21"]
[Round "8"]
[White "LuckSlayeer"]
[Black "tteshan"]
[Result "0-1"]
[WhiteElo "2494"]
[BlackElo "2278"]
[TimeControl "180+1"]
[EndTime "11:39:59 PDT"]
[Termination "tteshan won by resignation"]

1. Nf3 Nf6 2. c4 e6 3. Nc3 b6 4. d4 Bb4 5. g3 Bb7 6. Bg2 O-O 7.
O-O Bxc3 8. bxc3 d6 9. a4 a5 10. Nd2 Bxg2 11. Kxg2 Nbd7 12. e4 e5 13. f3 Re8 14. Nb3 Qe7 15. Be3 h6 16. Rb1 Qe6 17. Qd3 Rad8 18. Rfd1 Nf8 19. Bf2 Ng6 20. Qe2 Nh5 21. Be3 Qd7 22. Ra1 f5 23. c5 f4 24.
Bc1 fxg3 25. hxg3 dxc5 26. Be3 cxd4 27. cxd4 exd4 28. Rxd4 Qe7 29. Rad1 Rxd4 30. Nxd4 Qf7 31. Nf5 Ne5 32. Bxh6 Qg6 33. Be3 Rf8 34. Qf2 Qf7 35. Rh1 Nf6 36. g4 Nexg4 37. fxg4 Nxg4 38. Qh4 Nxe3+ 39. Kf3 Qf6 40. Qh7+ Kf7 41. Kxe3 Qg5+ 42. Kf3 Ke8 43. Qh5+ Qxh5+ 44. Rxh5 g6 45. Rh7 gxf5 46. Rxc7 fxe4+ 47. Kxe4 Rf7 48. Rc8+ Ke7 49. Rb8 Rf6 50. Ke5 Rc6 51. Kd5 Rh6 52. Rb7+ Kd8 53. Kc4 Kc8 54. Rg7 Rh4+ 55.
Kb5 Rh6 56. Rf7 Re6 57. Rg7 Kb8 58. Rg8+ Kc7 59. Rg7+ Kd6 60. Kxb6 Kd5+ 61. Kxa5 Kc6 62. Rd7 Kxd7 63. Kb5 Kc8 0-1

[Event "*** Titled Tuesday Blitz"]
[Site "Chess.com"]
[Date "2020.04.21"]
[Round "8"]
[White "Qingdom"]
[Black "Nikolaj_6"]
[Result "0-1"]
[WhiteElo "2188"]
[BlackElo "2585"]
[TimeControl "180+1"]
[EndTime "11:39:59 PDT"]
[Termination "Nikolaj_6 won by resignation"]

1. d4 Nf6 2. Bg5 e6 3. e4 h6 4. Bxf6 Qxf6 5. c3 g6 6. Bd3 Bg7 7. Ne2 d6 8. O-O e5 9. f4 Qe7 10. Nd2 Bg4 11. Nf3 Nd7 12. h3 Bxf3 13. Rxf3 exd4 14.
cxd4 O-O-O 15. Qa4 Kb8 16. Rc1 Nb6 17. Qa5 c5 18. Rc3 cxd4 19. Ra3 Nc8 20. b4 Qc7 21. Qa4 Qb6 22. Kh2 Rhe8 23. Rf1 Re7 24. Rc1 Rc7 25. Rxc7 Qxc7 26. Qb5 g5 27. Qd5 gxf4 28. Nxf4 Be5 29. g3 Nb6 30. Qa5 Nc8 31. Qxc7+ Kxc7 32. Nd5+ Kb8 33.
Rb3 Nb6 34. Nxb6 axb6 35. Rb2 Rg8 36. Rg2 f6 37. h4 Kc7 38. b5 Ra8 39. Rc2+ Kd8 40.
Kh3 Ra3 41. Rd2 Ke7 42. Kg4 h5+ 43. Kxh5 Bxg3 44. Kg4 Be1 45. Rd1 Bf2 46. h5 Be3 47. Kf5 Rxa2 48. Rh1 Rf2+ 49. Kg6 Rg2+ 50. Kh7 Rd2 51. Bc4 d3 52. h6 Bf4 53. Rf1 Bg5 54. Rf3 Rh2 55. Rxd3 Rxh6+ 56. Kg7 Rh4 57. Bd5 Rh2 58. Bxb7 Ke6 59. Bd5+ Ke5 60. Rf3 Bf4 61.
Ra3 Rg2+ 62. Kf7 Bh6 63. Ra6 Rg7+ 64. Ke8 Be3 65. Ra3 Bc5 66. Rf3 Rg5 67. Kf7 f5 68.
Rxf5+ Rxf5+ 69. exf5 Kxd5 70. Ke7 Kc4 71. Ke6 d5 72.
Ke5 d4 73. Ke4 d3 74. Kf3 Kc3 75. f6 Kc2 76. f7 d2 77. f8=Q d1=Q+ 78. Kg2 Qg4+ 0-1

[Event "*** Titled Tuesday Blitz"]
[Site "Chess.com"]
[Date "2020.04.21"]
[Round "8"]
[White "Shield12"]
[Black "murtas73"]
[Result "0-1"]
[WhiteElo "2889"]
[BlackElo "2647"]
[TimeControl "180+1"]
[EndTime "11:40:00 PDT"]
[Termination "murtas73 won by resignation"]

1. e4 e6 2. d4 d5 3. Nd2 Be7 4. e5 c5 5. c3 Nc6 6. Bd3 Bd7 7.
Ne2 cxd4 8. cxd4 Qb6 9. Nf3 Nb4 10. Bb1 Bb5 11. a3 Qa6 12. h4 Nd3+ 13. Bxd3 Bxd3 14. Rh3 Rc8 15. Nc3 Bf5 16. Rg3 Bf8 17. h5 h6 18.
Nh4 Bh7 19. Be3 Ne7 20. Qe2 Qxe2+ 21. Kxe2 Nc6 22. f4 Be7 23. Rh1 Rg8 24. Ng6 Na5 25. f5 Nc4 26. Bc1 Kd7 27. fxe6+ fxe6 28. Rf1 Ke8 29. Rgf3 Bxg6 30. hxg6 Kd7 31. Rf7 Rcf8 32.
g4 Rxf7 33. Rxf7 a6 34. b3 Na5 35. b4 Nc6 36. Kd3 Nd8 37. Rf3 Rf8 38. Rxf8 Bxf8 39. Ne2 Nc6 40. Ng3 Ne7 41. g5 hxg5 42. Bxg5 Nxg6 43. Nh5 Ne7 44. Bxe7 Kxe7 45. Ke3 Kf7 46. Kf3 Be7 47. Nf4 Bg5 48. Nd3 b6 49. a4 Bd8 50.
b5 a5 51. Kg4 Be7 52. Ne1 Bb4 53. Nf3 Bc3 54. Ng5+ Ke7 55. Nf3 Bb2 56. Kh5 Kf7 57. Ng5+ Ke7 58. Nf3 Bc1 59. Kg6 Kf8 60. Ng1 Bd2 61.
Nf3 Be3 62. Kh5 Kf7 63. Kg4 Kg6 64. Nh4+ Kh7 65. Nf3 Kh6 66. Kh4 g5+ 67. Kg4 Kg6 68. Kg3 Kf5 69. Kg2 g4 70. Ne1 Bxd4 71. Nd3 Ke4 0-1

[Event "*** Titled Tuesday Blitz"]
[Site "Chess.com"]
[Date "2020.04.21"]
[Round "8"]
[White "canary2016"]
[Black "Blagorod"]
[Result "0-1"]
[WhiteElo "1862"]
[BlackElo "2134"]
[TimeControl "180+1"]
[EndTime "11:40:01 PDT"]
[Termination "Blagorod won on time"]

1. Nf3 Nc6 2. d4 d5 3. c4 Bg4 4. e3 e5 5. h3 Bxf3 6. Qxf3 Nge7 7. cxd5 Nxd5 8. dxe5 Ndb4 9. Na3 Nd3+ 10. Bxd3 Qxd3 11. Qe2 Nxe5 12. Nc2 O-O-O 13. Qxd3 Nxd3+ 14. Ke2 Nxc1+ 15. Raxc1 Be7 16. Nd4 c6 17. Rhd1 Bf6 18. Rc4 Rd7 19. b4 Rhd8 20. b5 Bxd4 21. exd4 Rc7 22. bxc6 Rxc6 23.
Rdc1 Kc7 24. Kd3 Rd6 25. R1c2 Rxc4 26. Rxc4+ Kd7 27. Rb4 b6 28. Ra4 a5 29. Rc4 Re6 30. Rc2 Re1 31. g3 h5 32. h4 g6 33. Kc4 Kc6 34.
Kd3+ Kd5 35. Rb2 Kc6 36. Rc2+ Kd6 37. Kc4 Rb1 38. Kd3 b5 39. Re2 a4 40. Rc2 b4 41. Kc4 a3 42. Kd3 Kd5 43. Rc5+ Kd6 44. Rc2 b3 45. axb3 Rxb3+ 46. Kd2 Kd5 47. Rc5+ Kxd4 48.
Rc7 a2 49. Rd7+ Ke4 50. Ra7 Rb2+ 51. Kc3 Rxf2 52. Kb3 Rg2 53. Ra4+ Kf5 54. Ra5+ Kg4 55. Rg5+ Kh3 56. Ra5 Rxg3+ 57. Kxa2 Kxh4 58. Ra4+ Rg4 59. Ra3 f5 60. Kb2 Rg2+ 61. Kc1 f4 62. Kd1 Kg4 63. Ke1 h4 64. Kf1 Rb2 0-1

[Event "*** Titled Tuesday Blitz"]
[Site "Chess.com"]
[Date "2020.04.21"]
[Round "8"]
[White "Zq1"]
[Black "Anurag328"]
[Result "1/2-1/2"]
[WhiteElo "2574"]
[BlackElo "2713"]
[TimeControl "180+1"]
[EndTime "11:40:02 PDT"]
[Termination "Game drawn by repetition"]

1. d4 Nf6 2. c4 c5 3. Nf3 cxd4 4. Nxd4 g6 5. Nc3 Bg7 6. e4 d6 7. Be2 Nc6 8. Be3 O-O 9. O-O Nxd4 10. Bxd4 a5 11. f3 Be6 12. Rc1 Nd7 13. Bxg7 Kxg7 14. Qd4+ Kg8 15. f4 Qb6 16. Qxb6 Nxb6 17. b3 a4 18. f5 Bd7 19. b4 Rac8 20. fxg6 hxg6 21. Nd5 Nxd5 22. cxd5 a3 23. Kf2 f5 24. Ke3 f4+ 25. Kd4 g5 26. h3 e5+ 27. dxe6 Bxe6 28. Bc4 Kf7 29. h4 Bxc4 30. Rxc4 Rxc4+ 31. Kxc4 Ke6 32. hxg5 Ke5 33. Kd3 Rg8 34. g3 fxg3 35. Rf5+ Ke6 36. Ke3 Rc8 37. g6 g2 38. Rg5 Kf6 39. Rxg2 Kg7 40. Kd4 b5 41. Kd5 Rc4 42. Rg3 Rxb4 43. Rxa3 Kxg6 44. Rb3 Ra4 45. Rxb5 Rxa2 46. Kxd6 Kf7 47.
Rb7+ Ke8 48. Rb6 Ra7 49. e5 Rd7+ 50. Ke6 Re7+ 51. Kd5 Rd7+ 52. Ke6 Re7+ 53. Kf5 Rf7+ 54.
Ke4 Rc7 55. Rd6 Ke7 56. Rh6 Rc1 57. Rh7+ Ke8 58. Kf5 Rc6 59. Rg7 Ra6 60. Rb7 Rc6 61.
Rb8+ Ke7 62. Rb7+ Ke8 63. Rb8+ Ke7 64. Rb7+ Ke8 1/2-1/2

[Event "*** Titled Tuesday Blitz"]
[Site "Chess.com"]
[Date "2020.04.21"]
[Round "8"]
[White "JonahWillow"]
[Black "Carnivoras"]
[Result "0-1"]
[WhiteElo "2745"]
[BlackElo "2634"]
[TimeControl "180+1"]
[EndTime "11:40:03 PDT"]
[Termination "Carnivoras won by resignation"]

1. e4 e5 2. Nf3 Nc6 3. Nc3 Nf6 4. Bb5 Bb4 5. O-O O-O 6. d3 d6 7. Bg5 Bg4 8. Nd5 Bc5 9. c3 a6 10. Ba4 b5 11. Bc2 Re8 12. h3 Bh5 13. Re1 Ba7 14. Qd2 Re6 15. Nh4 Ne7 16. Bxf6 gxf6 17. Nxe7+ Qxe7 18.
Bb3 Qf8 19. Nf5 Kh8 20. Bxe6 fxe6 21. Ng3 Bg6 22. Kh2 f5 23. exf5 exf5 24. f4 Re8 25.
Re2 c6 26. Rae1 Bb8 27. Nf1 e4 28. dxe4 fxe4 29. g3 d5 30. Qd4+ Qg7 31. Ne3 Ba7 32. Qxg7+ Kxg7 33. f5 Bf7 34. g4 Kf6 35. Nc2 h5 36. b4 hxg4 37. hxg4 Kg5 38. Nd4 Bxd4 39. cxd4 Rh8+ 40. Kg1 Kxg4 41. Rg2+ Kxf5 42. Rc1 Be8 43. Rf2+ Ke6 44. Rg2 Kd6 45. Kf2 Rf8+ 46. Ke2 Rf3 47. Rh2 Rd3 48. Rd1 Ra3 49. Rd2 Bd7 50. Rh6+ Kc7 51.
Rc2 Bg4+ 52. Kf2 Rd3 53. Rcxc6+ Kd8 54. Rcd6+ Ke7 55. Rxd5 e3+ 56. Kg3 e2+ 57. Kf2 Rf3+ 58. Kxe2 Rf6+ 59. Ke3 Rxh6 60. Re5+ Re6 61. Kf4 Rxe5 62.
Kxe5 Be6 63. a3 Bc4 64. d5 Kd7 65. d6 Kc6 66. Kd4 Kxd6 67. a4 Be6 68. axb5 axb5 69.
Ke4 Bc4 70. Kd4 Ke6 71. Ke4 Kf6 72. Kd4 Kf5 73. Kc5 Kf4 74. Kd4 Kf3 75. Kc3 Ke2 76. Kd4 Kd2 77. Kc5 Kc3 0-1